| TOP OF THE 1ST |
|
San Francisco Giants batting - Pitching for San Diego Padres : RHP Tony Archuleta
|
|
Pitching: RHP Tony Archuleta
|
|
|
Batting: SHB Kevin Bass
|
0-0: Ball 1-0: Called Strike 1-1: Bunt missed! 1-2: SINGLE (Groundball, 34S, EV 70.0 MPH) (infield hit)
|
|
Batting: LHB Ken Griffey Sr
|
0-0: Called Strike Kevin Bass steals 2nd base 0-1: Ball 1-1: Reached on error, E6 (Groundball, 6, EV 106.3 MPH) Kevin Bass to third
|
|
Batting: LHB Keith Hernandez
|
0-0: Called Strike 0-1: Ball 1-1: Ball 2-1: Swinging Strike 2-2: Ball 3-2: Foul Ball, location: 2F 3-2: Base on Balls Ken Griffey Sr to second
|
|
Batting: RHB Phil Bailey
|
0-0: Ball 1-0: Swinging Strike 1-1: SINGLE (Line Drive, 8LS, EV 105.6 MPH) Kevin Bass scores Ken Griffey Sr to third Keith Hernandez to second Runner from 3rd tries for Home, SAFE, throw by CF to home
|
|
Batting: SHB Tyler O'Dell
|
0-0: Ball 1-0: Foul Ball, location: 2F 1-1: Swinging Strike 1-2: Foul Ball, location: 2F 1-2: Strikes out looking
|
|
Batting: RHB Billy L Smith
|
0-0: Ball 1-0: Foul Ball, location: 2F 1-1: Called Strike 1-2: Strikes out swinging
|
|
Batting: SHB Larry Reynolds
|
0-0: Ball 1-0: Fly out, F9 (Flyball, 9D, EV 98.8 MPH)
|
| Top of the 1st over - 2 runs, 2 hits, 1 error, 2 left on base; San Francisco 2 - San Diego 0 |
| BOTTOM OF THE 1ST |
|
San Diego Padres batting - Pitching for San Francisco Giants : RHP Ronnie Sims
|
|
Pitching: RHP Ronnie Sims
|
|
|
Batting: RHB Dennis Dungy
|
0-0: Called Strike 0-1: Foul Ball, location: 2F 0-2: Strikes out swinging
|
|
Batting: RHB Bob Dernier
|
0-0: Called Strike 0-1: Ball 1-1: Swinging Strike 1-2: Ball 2-2: Ball 3-2: SINGLE (Line Drive, 7LS, EV 95.6 MPH)
|
|
Batting: LHB Mike Cole
|
0-0: Ball 1-0: Swinging Strike 1-1: Ball 2-1: Fly out, F8 (Flyball, 8RD, EV 101.3 MPH)
|
|
Batting: LHB Tom Dunbar
|
0-0: Ball 1-0: Ball 2-0: Called Strike 2-1: DOUBLE (Line Drive, 7LS, EV 94.4 MPH) Bob Dernier to third Runner from 3rd tries for Home, SAFE, throw by LF to trailing runner, OUT at third! 7-6-5
|
| Bottom of the 1st over - 1 run, 2 hits, 0 errors, 0 left on base; San Francisco 2 - San Diego 1 |
| TOP OF THE 2ND |
|
San Francisco Giants batting - Pitching for San Diego Padres : RHP Tony Archuleta
|
|
Batting: LHB James Durrman
|
0-0: Ball 1-0: Called Strike 1-1: Fly out, F7 (Flyball, 7LM, EV 93.8 MPH)
|
|
Batting: RHB Ronnie Sims
|
0-0: Ball 1-0: Fly out, F9 (Flyball, 89D, EV 91.3 MPH)
|
|
Batting: SHB Kevin Bass
|
0-0: Called Strike 0-1: Fly out, F9 (Flyball, 9, EV 82.5 MPH)
|
| Top of the 2nd over - 0 runs, 0 hits, 0 errors, 0 left on base; San Francisco 2 - San Diego 1 |
| BOTTOM OF THE 2ND |
|
San Diego Padres batting - Pitching for San Francisco Giants : RHP Ronnie Sims
|
|
Batting: RHB Joel Youngblood
|
0-0: Ball 1-0: Swinging Strike 1-1: Ball 2-1: Ball 3-1: Fly out, F9 (Flyball, 89M, EV 79.4 MPH)
|
|
Batting: LHB Darrell Porter
|
0-0: Ball 1-0: Foul Ball, location: 2F 1-1: Ball 2-1: Ball 3-1: Base on Balls
|
|
Batting: RHB Heriberto Soltero
|
0-0: Ball 1-0: Swinging Strike 1-1: Fly out, F9 (Flyball, 89XD, EV 93.8 MPH)
|
|
Batting: LHB Jeffrey Zitek
|
0-0: Ball 1-0: Fly out, F9 (Flyball, 9S, EV 89.4 MPH)
|
| Bottom of the 2nd over - 0 runs, 0 hits, 0 errors, 1 left on base; San Francisco 2 - San Diego 1 |
| TOP OF THE 3RD |
|
San Francisco Giants batting - Pitching for San Diego Padres : RHP Tony Archuleta
|
|
Batting: LHB Ken Griffey Sr
|
0-0: Ball 1-0: Ball 2-0: SOLO HOME RUN (Flyball, 9LD, EV 105.6 MPH), Distance : 356 ft
|
|
Batting: LHB Keith Hernandez
|
0-0: Swinging Strike 0-1: Ball 1-1: Ball 2-1: Swinging Strike 2-2: Ball 3-2: Strikes out swinging
|
|
Batting: RHB Phil Bailey
|
0-0: Called Strike 0-1: Foul Ball, location: 2F 0-2: SINGLE (Flyball, 7S, EV 91.9 MPH)
|
|
Batting: SHB Tyler O'Dell
|
0-0: Ball 1-0: Fielders Choice at 2nd, 5-4 (Groundball, 56S, EV 80.0 MPH)
|
|
Batting: RHB Billy L Smith
|
0-0: Ball 1-0: Ball 2-0: Foul Ball, location: 2F 2-1: Swinging Strike 2-2: Foul Ball, location: 2F 2-2: Strikes out looking
|
| Top of the 3rd over - 1 run, 2 hits, 0 errors, 1 left on base; San Francisco 3 - San Diego 1 |
| BOTTOM OF THE 3RD |
|
San Diego Padres batting - Pitching for San Francisco Giants : RHP Ronnie Sims
|
|
Batting: LHB Tony Archuleta
|
0-0: Ground out 6-3 (Groundball, 6M, EV 85.6 MPH)
|
|
Batting: RHB Dennis Dungy
|
0-0: Called Strike 0-1: Ball 1-1: Called Strike 1-2: Ball 2-2: Strikes out swinging
|
|
Batting: RHB Bob Dernier
|
0-0: Called Strike 0-1: Swinging Strike 0-2: Ball 1-2: Foul Ball, location: 2F 1-2: Ball 2-2: Ball 3-2: Ground out U3 (Groundball, 34, EV 81.9 MPH)
|
| Bottom of the 3rd over - 0 runs, 0 hits, 0 errors, 0 left on base; San Francisco 3 - San Diego 1 |
| TOP OF THE 4TH |
|
San Francisco Giants batting - Pitching for San Diego Padres : RHP Tony Archuleta
|
|
Batting: SHB Larry Reynolds
|
0-0: Swinging Strike 0-1: Ball 1-1: Foul Ball, location: 2F 1-2: Ball 2-2: Strikes out swinging
|
|
Batting: LHB James Durrman
|
0-0: Ball 1-0: Ball 2-0: Ball 3-0: Called Strike 3-1: Base on Balls
|
|
Batting: RHB Ronnie Sims
|
0-0: Ball 1-0: Ball 2-0: Bunt - Flyout to 15! F1
|
|
Batting: SHB Kevin Bass
|
0-0: Ball 1-0: Ball 2-0: Ball Wild Pitch! James Durrman to second 3-0: Base on Balls
|
|
Batting: LHB Ken Griffey Sr
|
0-0: Called Strike 0-1: Ball 1-1: Fielders Choice at 2nd, 6-4 (Groundball, 6, EV 78.8 MPH)
|
| Top of the 4th over - 0 runs, 0 hits, 0 errors, 2 left on base; San Francisco 3 - San Diego 1 |
| BOTTOM OF THE 4TH |
|
San Diego Padres batting - Pitching for San Francisco Giants : RHP Ronnie Sims
|
|
Batting: LHB Mike Cole
|
0-0: Ball 1-0: Ball 2-0: Swinging Strike 2-1: Ball 3-1: Base on Balls
|
|
Batting: LHB Tom Dunbar
|
0-0: Ball 1-0: SINGLE (Line Drive, 9S, EV 106.3 MPH) Mike Cole to second
|
|
Batting: RHB Joel Youngblood
|
0-0: Ball 1-0: Called Strike 1-1: Grounds into double play, 6-4-3 (Groundball, 6S, EV 78.8 MPH) Mike Cole to third
|
|
Batting: LHB Darrell Porter
|
0-0: Ball 1-0: DOUBLE (Flyball, 9LD, EV 103.8 MPH) Mike Cole scores
|
|
Batting: RHB Heriberto Soltero
|
0-0: Ball 1-0: Ball 2-0: Ball 3-0: Called Strike 3-1: Reached on error, E5 (Groundball, 56, EV 82.5 MPH) Darrell Porter to third
|
|
Batting: LHB Jeffrey Zitek
|
0-0: Called Strike 0-1: SINGLE (Flyball, 8LS, EV 92.5 MPH) Darrell Porter scores Heriberto Soltero to second Runner from 2nd tries for 3rd, SAFE, throw by CF made to third
|
|
Batting: LHB Tony Archuleta
|
0-0: Foul Ball, location: 2F 0-1: Fly out, F7 (Flyball, 78M, EV 93.8 MPH)
|
| Bottom of the 4th over - 2 runs, 3 hits, 1 error, 2 left on base; San Francisco 3 - San Diego 3 |
| TOP OF THE 5TH |
|
San Francisco Giants batting - Pitching for San Diego Padres : RHP Tony Archuleta
|
|
Batting: LHB Keith Hernandez
|
0-0: Ball 1-0: Fly out, F7 (Flyball, 7, EV 90.6 MPH)
|
|
Batting: RHB Phil Bailey
|
0-0: SINGLE (Line Drive, 4D, EV 98.8 MPH)
|
|
Batting: SHB Tyler O'Dell
|
0-0: Ball 1-0: Ball 2-0: Foul Ball, location: 2F 2-1: DOUBLE (Line Drive, 7LM, EV 101.3 MPH) Phil Bailey to third Runner from 3rd tries for Home, SAFE, no throw by LF
|
|
Batting: RHB Billy L Smith
|
0-0: Called Strike 0-1: Foul Ball, location: 2F 0-2: Ball 1-2: Ball 2-2: Foul Ball, location: 2F 2-2: Strikes out swinging
|
|
Batting: SHB Larry Reynolds
|
0-0: Ball 1-0: Ball 2-0: Called Strike 2-1: Ground out 4-3 (Groundball, 4, EV 85.0 MPH)
|
| Top of the 5th over - 1 run, 2 hits, 0 errors, 1 left on base; San Francisco 4 - San Diego 3 |
| BOTTOM OF THE 5TH |
|
San Diego Padres batting - Pitching for San Francisco Giants : RHP Ronnie Sims
|
|
Batting: RHB Dennis Dungy
|
0-0: Ball 1-0: Ball 2-0: Ball 3-0: Base on Balls
|
|
Batting: RHB Bob Dernier
|
0-0: Ball 1-0: Ball Dennis Dungy steals 2nd base 2-0: Bunted foul 2-1: Sac Bunt to 2L - play at first, batter OUT! 2-4 Dennis Dungy to third
|
|
Batting: LHB Mike Cole
|
0-0: Ball 1-0: Foul Ball, location: 2F 1-1: Ball 2-1: Ground out 4-3 (Groundball, 4, EV 88.8 MPH) Dennis Dungy scores
|
|
Batting: LHB Tom Dunbar
|
0-0: Ball 1-0: Called Strike 1-1: Ground out 4-3 (Groundball, 4, EV 104.4 MPH)
|
| Bottom of the 5th over - 1 run, 0 hits, 0 errors, 0 left on base; San Francisco 4 - San Diego 4 |
| TOP OF THE 6TH |
|
San Francisco Giants batting - Pitching for San Diego Padres : RHP Tony Archuleta
|
|
Batting: LHB James Durrman
|
0-0: Ball 1-0: Called Strike 1-1: Called Strike 1-2: Ball 2-2: Strikes out looking
|
|
Batting: RHB Ronnie Sims
|
0-0: Foul Ball, location: 2F 0-1: Ground out 6-3 (Groundball, 6, EV 103.8 MPH)
|
|
Batting: SHB Kevin Bass
|
0-0: Called Strike 0-1: Ball 1-1: Ball 2-1: Swinging Strike 2-2: Ground out 4-3 (Groundball, 13, EV 87.5 MPH)
|
| Top of the 6th over - 0 runs, 0 hits, 0 errors, 0 left on base; San Francisco 4 - San Diego 4 |
| BOTTOM OF THE 6TH |
|
San Diego Padres batting - Pitching for San Francisco Giants : RHP Ronnie Sims
|
|
Batting: RHB Joel Youngblood
|
0-0: Ball 1-0: Foul Ball, location: 2F 1-1: Fly out, F9 (Flyball, 9S, EV 89.4 MPH)
|
|
Batting: LHB Darrell Porter
|
0-0: Ball 1-0: Ball 2-0: Ball 3-0: Called Strike 3-1: Called Strike 3-2: Base on Balls
|
|
Batting: RHB Heriberto Soltero
|
0-0: Ground out 3-1 (Groundball, 34S, EV 84.4 MPH) Darrell Porter to second
|
|
Batting: LHB Jeffrey Zitek
|
0-0: Called Strike 0-1: Ball 1-1: Fly out, F8 (Line Drive, 8LM, EV 106.3 MPH)
|
| Bottom of the 6th over - 0 runs, 0 hits, 0 errors, 1 left on base; San Francisco 4 - San Diego 4 |
| TOP OF THE 7TH |
|
San Francisco Giants batting - Pitching for San Diego Padres : RHP Tony Archuleta
|
|
Batting: LHB Ken Griffey Sr
|
0-0: Ball 1-0: Ground out 6-3 (Groundball, 6, EV 88.1 MPH)
|
|
Batting: LHB Keith Hernandez
|
0-0: Foul Ball, location: 2F 0-1: Called Strike 0-2: Fly out, F9 (Flyball, 9LS, EV 79.4 MPH)
|
|
Batting: RHB Phil Bailey
|
0-0: Ground out U3 (Groundball, 3, EV 78.8 MPH)
|
| Top of the 7th over - 0 runs, 0 hits, 0 errors, 0 left on base; San Francisco 4 - San Diego 4 |
| BOTTOM OF THE 7TH |
|
San Diego Padres batting - Pitching for San Francisco Giants : RHP Ronnie Sims
|
|
Pinch Hitting: RHB Tommy Curran
|
0-0: Ball 1-0: Ball 2-0: Called Strike 2-1: Ball 3-1: Base on Balls
|
|
Batting: RHB Dennis Dungy
|
0-0: Sac Bunt to 3S - play at first, batter OUT! 3-1 Tommy Curran to second
|
|
Batting: RHB Bob Dernier
|
0-0: Ball 1-0: Ball 2-0: SINGLE (Line Drive, 8RS, EV 100.6 MPH) Tommy Curran to third Runner from 3rd tries for Home, throw by CF and OUT! 8-2 Bob Dernier to second
|
|
Batting: LHB Mike Cole
|
0-0: Ball 1-0: Fly out, F6 (Line Drive, 6, EV 65.6 MPH)
|
| Bottom of the 7th over - 0 runs, 1 hit, 0 errors, 1 left on base; San Francisco 4 - San Diego 4 |
| TOP OF THE 8TH |
|
San Francisco Giants batting - Pitching for San Diego Padres : RHP Tony Archuleta
|
|
Pitching: RHP Craig Eaton
|
|
|
Batting: SHB Tyler O'Dell
|
0-0: Ball 1-0: Called Strike 1-1: Ball 2-1: Foul Ball, location: 2F 2-2: Fly out, F8 (Flyball, 8LM, EV 84.4 MPH)
|
|
Batting: RHB Billy L Smith
|
0-0: Called Strike 0-1: Fly out, F7 (Line Drive, 7, EV 93.8 MPH)
|
|
Batting: SHB Larry Reynolds
|
0-0: Foul Ball, location: 2F 0-1: Ball 1-1: Foul Ball, location: 2F 1-2: Foul Ball, location: 2F 1-2: Strikes out swinging
|
| Top of the 8th over - 0 runs, 0 hits, 0 errors, 0 left on base; San Francisco 4 - San Diego 4 |
| BOTTOM OF THE 8TH |
|
San Diego Padres batting - Pitching for San Francisco Giants : RHP Ronnie Sims
|
|
Batting: LHB Tom Dunbar
|
0-0: Ball 1-0: Ball 2-0: Called Strike 2-1: Ground out 4-3 (Groundball, 4D, EV 109.4 MPH)
|
|
Batting: RHB Joel Youngblood
|
0-0: Ball 1-0: Swinging Strike 1-1: Ball 2-1: Fly out, F9 (Flyball, 9D, EV 82.5 MPH)
|
|
Batting: LHB Darrell Porter
|
0-0: Foul Ball, location: 2F 0-1: Fly out, F8 (Flyball, 89XD, EV 97.5 MPH)
|
| Bottom of the 8th over - 0 runs, 0 hits, 0 errors, 0 left on base; San Francisco 4 - San Diego 4 |
| TOP OF THE 9TH |
|
San Francisco Giants batting - Pitching for San Diego Padres : RHP Craig Eaton
|
|
Pinch Hitting: LHB Kevin Christensen
|
0-0: Ball 1-0: Foul Ball, location: 2F 1-1: Foul Ball, location: 2F 1-2: Foul Ball, location: 2F 1-2: Ball 2-2: Ground out U3 (Groundball, 34S, EV 64.4 MPH)
|
|
Pinch Hitting: RHB Don Slaught
|
0-0: Ball 1-0: Called Strike 1-1: Ball 2-1: Ground out 1-3 (Groundball, P, EV 74.4 MPH)
|
|
Batting: SHB Kevin Bass
|
0-0: Called Strike 0-1: Ball 1-1: DOUBLE (Flyball, 8RXD, EV 106.9 MPH)
|
|
Batting: LHB Ken Griffey Sr
|
0-0: Called Strike 0-1: Ball 1-1: Foul Ball, location: 2F 1-2: Ball 2-2: Strikes out swinging
|
| Top of the 9th over - 0 runs, 1 hit, 0 errors, 1 left on base; San Francisco 4 - San Diego 4 |
| BOTTOM OF THE 9TH |
|
San Diego Padres batting - Pitching for San Francisco Giants : RHP Ronnie Sims
|
|
Pitching: RHP Charles Davis
|
|
|
Now at C: Don Slaught
|
|
|
Pinch Hitting: LHB Chris Chambliss
|
0-0: Foul Ball, location: 2F 0-1: Ball 1-1: Called Strike 1-2: Strikes out swinging
|
|
Batting: LHB Jeffrey Zitek
|
0-0: Ball 1-0: Ball 2-0: Ball 3-0: Base on Balls
|
|
Pinch Hitting: RHB Dave Edler
|
0-0: Ball Jeffrey Zitek is caught stealing 2nd base 2-4 1-0: Ball 2-0: Foul Ball, location: 2F 2-1: Swinging Strike 2-2: Ball 3-2: Foul Ball, location: 2F 3-2: Strikes out looking
|
| Bottom of the 9th over - 0 runs, 0 hits, 0 errors, 0 left on base; San Francisco 4 - San Diego 4 |
| TOP OF THE 10TH |
|
San Francisco Giants batting - Pitching for San Diego Padres : RHP Craig Eaton
|
|
Pitching: RHP David Sandoval
|
|
|
Now at 1B: Chris Chambliss
|
|
|
Batting: LHB Keith Hernandez
|
0-0: Called Strike 0-1: SINGLE (Line Drive, 9LS, EV 107.5 MPH)
|
|
Batting: RHB Phil Bailey
|
0-0: Ball 1-0: Ball 2-0: Ball 3-0: Called Strike 3-1: Grounds into double play, 5-4-3 (Groundball, 56, EV 103.8 MPH)
|
|
Batting: SHB Tyler O'Dell
|
0-0: Ball 1-0: Foul Ball, location: 2F 1-1: Foul Ball, location: 2F 1-2: Ground out 4-3 (Groundball, 4, EV 88.8 MPH)
|
| Top of the 10th over - 0 runs, 1 hit, 0 errors, 0 left on base; San Francisco 4 - San Diego 4 |
| BOTTOM OF THE 10TH |
|
San Diego Padres batting - Pitching for San Francisco Giants : RHP Charles Davis
|
|
Batting: RHB Dennis Dungy
|
0-0: SINGLE (Line Drive, 8LS, EV 91.9 MPH)
|
|
Batting: RHB Bob Dernier
|
0-0: Ball Dennis Dungy is caught stealing 2nd base 2-4 1-0: Called Strike 1-1: Swinging Strike 1-2: Ball 2-2: Foul Ball, location: 2F 2-2: Ball 3-2: Base on Balls
|
|
Pitching: LHP Doug Capilla
|
|
|
Batting: LHB Mike Cole
|
0-0: Called Strike Bob Dernier steals 2nd base (no throw) 0-1: Called Strike 0-2: Ball 1-2: Ball 2-2: Ball 3-2: Base on Balls
|
|
Batting: LHB Tom Dunbar
|
0-0: Ball 1-0: Ball 2-0: Foul Ball, location: 2F 2-1: Foul Ball, location: 2F 2-2: Strikes out swinging
|
|
Pitching: LHP Sheldon Burnside
|
|
|
Batting: RHB Joel Youngblood
|
0-0: Ground out 1-3 (Groundball, 34S, EV 70.0 MPH)
|
| Bottom of the 10th over - 0 runs, 1 hit, 0 errors, 2 left on base; San Francisco 4 - San Diego 4 |
| TOP OF THE 11TH |
|
San Francisco Giants batting - Pitching for San Diego Padres : RHP David Sandoval
|
|
Batting: RHB Billy L Smith
|
0-0: Ball 1-0: Called Strike 1-1: Foul Ball, location: 2F 1-2: Strikes out swinging
|
|
Batting: SHB Larry Reynolds
|
0-0: Ball 1-0: Swinging Strike 1-1: Ball 2-1: Called Strike 2-2: Ball 3-2: Foul Ball, location: 2F 3-2: Base on Balls
|
|
Pinch Hitting: LHB Doug Frobel
|
0-0: Ball Wild Pitch! Larry Reynolds to second 1-0: Foul Ball, location: 2F 1-1: Foul Ball, location: 2F 1-2: Fly out, F7 (Flyball, 8LS, EV 97.5 MPH)
|
|
Batting: RHB Don Slaught
|
0-0: Ball 1-0: Called Strike 1-1: Foul Ball, location: 2F 1-2: Ball 2-2: Strikes out swinging
|
| Top of the 11th over - 0 runs, 0 hits, 0 errors, 1 left on base; San Francisco 4 - San Diego 4 |
| BOTTOM OF THE 11TH |
|
San Diego Padres batting - Pitching for San Francisco Giants : LHP Sheldon Burnside
|
|
Pitching: LHP Ken Brett
|
|
|
Pinch Hitting: RHB Eddy Martinez
|
0-0: Ground out 4-3 (Groundball, 4, EV 105.6 MPH)
|
|
Batting: LHB Chris Chambliss
|
0-0: Ball 1-0: Ground out 4-3 (Groundball, 4, EV 83.8 MPH)
|
|
Pinch Hitting: RHB Nicky Richards
|
0-0: Ball 1-0: Ball 2-0: Ground out 6-3 (Groundball, 6, EV 103.8 MPH)
|
| Bottom of the 11th over - 0 runs, 0 hits, 0 errors, 0 left on base; San Francisco 4 - San Diego 4 |
| TOP OF THE 12TH |
|
San Francisco Giants batting - Pitching for San Diego Padres : RHP David Sandoval
|
|
Now at C: Eddy Martinez
|
|
|
Now at 3B: Mike Calise
|
|
|
Batting: SHB Kevin Bass
|
0-0: Ball 1-0: Ball 2-0: Called Strike 2-1: Called Strike 2-2: Foul Ball, location: 2F 2-2: Fly out, F8 (Line Drive, 8LM, EV 103.1 MPH)
|
|
Batting: LHB Ken Griffey Sr
|
0-0: Ball 1-0: Ball 2-0: Swinging Strike 2-1: Ball 3-1: Foul Ball, location: 2F 3-2: Base on Balls
|
|
Pitching: LHP Ed Vande Berg
|
|
|
Now at 1B: Kelvin Moore
|
|
|
Batting: LHB Keith Hernandez
|
0-0: Ball 1-0: SINGLE (Line Drive, 34, EV 98.8 MPH) Ken Griffey Sr to second
|
|
Batting: RHB Phil Bailey
|
0-0: Swinging Strike 0-1: Foul Ball, location: 2F 0-2: Ball 1-2: Ball 2-2: Ball 3-2: Foul Ball, location: 2F 3-2: Foul Ball, location: 2F 3-2: SINGLE (Line Drive, 78S, EV 100.0 MPH) Ken Griffey Sr to third Keith Hernandez to second Ken Griffey Sr scores Keith Hernandez to third
|
|
Batting: SHB Tyler O'Dell
|
0-0: Ball 1-0: Swinging Strike 1-1: Fielders Choice at 2nd, 6-4 (Groundball, 6, EV 86.9 MPH) Keith Hernandez scores
|
|
Batting: RHB Billy L Smith
|
0-0: Called Strike 0-1: Ground out 4-3 (Groundball, 34, EV 102.5 MPH)
|
| Top of the 12th over - 2 runs, 2 hits, 0 errors, 1 left on base; San Francisco 6 - San Diego 4 |
| BOTTOM OF THE 12TH |
|
San Diego Padres batting - Pitching for San Francisco Giants : LHP Ken Brett
|
|
Batting: RHB Kelvin Moore
|
0-0: Ball 1-0: Foul Ball, location: 2F 1-1: SINGLE (Groundball, 56D, EV 97.5 MPH)
|
|
Batting: RHB Dennis Dungy
|
0-0: Ball 1-0: Ball 2-0: Swinging Strike 2-1: Ball 3-1: Base on Balls Kelvin Moore to second
|
|
Pitching: RHP Ross Davis
|
|
|
Now at SS: Dickie Thon
|
|
|
Batting: RHB Bob Dernier
|
0-0: Called Strike 0-1: Ball 1-1: Ball 2-1: Ball 3-1: Swinging Strike 3-2: Fly out, F9 (Flyball, 9, EV 94.4 MPH) Runner from 2nd tags up, SAFE at 3rd with throw by RF
|
|
Batting: LHB Mike Cole
|
0-0: Ball 1-0: Called Strike 1-1: Hit by Pitch Dennis Dungy to second
|
|
Batting: LHB Tom Dunbar
|
0-0: Ball 1-0: Foul Ball, location: 2F 1-1: Foul Ball, location: 2F 1-2: Ball 2-2: Foul Ball, location: 2F 2-2: Ball Wild Pitch! Kelvin Moore scores Dennis Dungy to third Mike Cole to second 3-2: Ground out 6-3 (Groundball, 6, EV 102.5 MPH) Dennis Dungy scores
|
|
Batting: RHB Joel Youngblood
|
0-0: Called Strike 0-1: Hit by Pitch
|
|
Batting: RHB Eddy Martinez
|
0-0: Fielders Choice at 2nd, 6-4 (Groundball, 6, EV 101.3 MPH)
|
| Bottom of the 12th over - 2 runs, 1 hit, 0 errors, 2 left on base; San Francisco 6 - San Diego 6 |
| TOP OF THE 13TH |
|
San Francisco Giants batting - Pitching for San Diego Padres : LHP Ed Vande Berg
|
|
Pinch Hitting: RHB Kevin Howard
|
0-0: Ground out 6-3 (Groundball, 6, EV 86.9 MPH)
|
|
Batting: RHB Dickie Thon
|
0-0: Called Strike 0-1: Foul Ball, location: 2F 0-2: Strikes out swinging
|
|
Batting: RHB Don Slaught
|
0-0: Called Strike 0-1: Fly out, F8 (Flyball, 8LM, EV 93.8 MPH)
|
| Top of the 13th over - 0 runs, 0 hits, 0 errors, 0 left on base; San Francisco 6 - San Diego 6 |
| BOTTOM OF THE 13TH |
|
San Diego Padres batting - Pitching for San Francisco Giants : RHP Ross Davis
|
|
Now at 2B: Kevin Howard
|
|
|
Batting: RHB Ed Vande Berg
|
0-0: Called Strike 0-1: Foul Ball, location: 2F 0-2: Ball 1-2: Ball 2-2: Strikes out looking
|
|
Batting: RHB Mike Calise
|
0-0: Ball 1-0: Swinging Strike 1-1: Ball 2-1: Ground out 6-3 (Groundball, 6MS, EV 65.6 MPH)
|
|
Batting: RHB Kelvin Moore
|
0-0: Ground out 5-3 (Groundball, 56S, EV 72.5 MPH)
|
| Bottom of the 13th over - 0 runs, 0 hits, 0 errors, 0 left on base; San Francisco 6 - San Diego 6 |
| TOP OF THE 14TH |
|
San Francisco Giants batting - Pitching for San Diego Padres : LHP Ed Vande Berg
|
|
Batting: SHB Kevin Bass
|
0-0: Fly out, F9 (Flyball, 9LD, EV 102.5 MPH)
|
|
Batting: LHB Ken Griffey Sr
|
0-0: Ball 1-0: Swinging Strike 1-1: Fly out, F7 (Line Drive, 7D, EV 89.4 MPH)
|
|
Batting: LHB Keith Hernandez
|
0-0: Called Strike 0-1: Ground out 2-3 (Groundball, 13S, EV 68.8 MPH)
|
| Top of the 14th over - 0 runs, 0 hits, 0 errors, 0 left on base; San Francisco 6 - San Diego 6 |
| BOTTOM OF THE 14TH |
|
San Diego Padres batting - Pitching for San Francisco Giants : RHP Ross Davis
|
|
Batting: RHB Dennis Dungy
|
0-0: Swinging Strike 0-1: Ball 1-1: Foul Ball, location: 2F 1-2: Foul Ball, location: 2F 1-2: Foul Ball, location: 2F 1-2: Strikes out swinging
|
|
Pitching: RHP Dave Ford
|
|
|
Batting: RHB Bob Dernier
|
0-0: Called Strike 0-1: Ball 1-1: Ball 2-1: Fly out, F9 (Flyball, 9S, EV 83.8 MPH)
|
|
Batting: LHB Mike Cole
|
0-0: Ball 1-0: Ball 2-0: Foul Ball, location: 2F 2-1: Swinging Strike 2-2: Ball 3-2: Foul Ball, location: 2F 3-2: Foul Ball, location: 2F 3-2: Strikes out swinging
|
| Bottom of the 14th over - 0 runs, 0 hits, 0 errors, 0 left on base; San Francisco 6 - San Diego 6 |
| TOP OF THE 15TH |
|
San Francisco Giants batting - Pitching for San Diego Padres : LHP Ed Vande Berg
|
|
Batting: RHB Phil Bailey
|
0-0: Ball 1-0: Foul Ball, location: 2F 1-1: Ball 2-1: Foul Ball, location: 2F 2-2: Ball 3-2: Foul Ball, location: 2F 3-2: Base on Balls
|
|
Batting: SHB Tyler O'Dell
|
0-0: Called Strike 0-1: Called Strike 0-2: Ball 1-2: Foul Ball, location: 2F 1-2: Foul Ball, location: 2F 1-2: Ball Phil Bailey is caught stealing 2nd base 2-4 2-2: Ball 3-2: Foul Ball, location: 2F 3-2: Foul Ball, location: 2F 3-2: SINGLE (Groundball, 6D, EV 96.3 MPH)
|
|
Pinch Hitting: SHB Larry Milbourne
|
0-0: Ball 1-0: Ball 2-0: Called Strike 2-1: Ball 3-1: Swinging Strike 3-2: SINGLE (Groundball, 6MD, EV 102.5 MPH) Tyler O'Dell to second Runner from 2nd tries for 3rd, OUT after rundown.
|
|
Pitching: LHP Jack W O'Connor
|
|
|
Batting: RHB Kevin Howard
|
0-0: Ball 1-0: Swinging Strike 1-1: SINGLE (Groundball, 6MD, EV 104.4 MPH) Larry Milbourne to second Runner from 2nd tries for 3rd, SAFE, no throw by CF
|
|
Batting: RHB Dickie Thon
|
0-0: Ball 1-0: Called Strike 1-1: Foul Ball, location: 2F 1-2: Ball 2-2: SINGLE (Groundball, 56S, EV 66.9 MPH) (infield hit) Larry Milbourne scores Kevin Howard to second
|
|
Batting: RHB Don Slaught
|
0-0: Ball 1-0: Ball 2-0: Foul Ball, location: 2F 2-1: Ball 3-1: Base on Balls Kevin Howard to third Dickie Thon to second
|
|
Batting: SHB Kevin Bass
|
0-0: Called Strike 0-1: Ball 1-1: Ball 2-1: Swinging Strike 2-2: Strikes out looking
|
| Top of the 15th over - 1 run, 4 hits, 0 errors, 3 left on base; San Francisco 7 - San Diego 6 |
| BOTTOM OF THE 15TH |
|
San Diego Padres batting - Pitching for San Francisco Giants : RHP Dave Ford
|
|
Pitching: RHP Dan O'Brien
|
|
|
Batting: LHB Tom Dunbar
|
0-0: Foul Ball, location: 2F 0-1: Ground out 4-3 (Groundball, 34, EV 88.1 MPH)
|
|
Batting: RHB Joel Youngblood
|
0-0: Foul Ball, location: 2F 0-1: Swinging Strike 0-2: Strikes out swinging
|
|
Batting: RHB Eddy Martinez
|
0-0: Called Strike 0-1: Foul Ball, location: 2F 0-2: Ball 1-2: Ball 2-2: Fly out, F9 (Flyball, 89XD, EV 85.0 MPH)
|
| Bottom of the 15th over - 0 runs, 0 hits, 0 errors, 0 left on base; San Francisco 7 - San Diego 6 |
|